 Dungeon Crawl Stone Soup version 0.28-a0-697-g47f3eba078 (webtiles) character file.

Game seed: 5158213332706027318

218 KoroneIsBestGirl the Chiller (level 5, -1/31 HPs)
             Began as an Octopode Ice Elementalist on Oct 24, 2021.
             Was an Initiate of Gozag.
             Slain by an orc wizard (3 damage)
             ... on level 4 of the Dungeon.
             The game lasted 00:04:54 (4146 turns).

KoroneIsBestGirl the Chiller (OpIE)                 Turns: 4146, Time: 00:04:55

Health: -1/31      AC:  1    Str:  7    XL:     5   Next: 95%
Magic:  6/9        EV: 14    Int: 18    God:    Gozag
Gold:   169        SH:  0    Dex: 13    Spells: 6/10 levels left

rFire   . . .      SeeInvis .   h - +1 falchion (freeze)
rCold   . . .      Faith    .   (no shield)
rNeg    . . .      Spirit   .   (helmet restricted)
rPois   .          Reflect  .   (no amulet)
rElec   .          Harm     .   (no ring)
rCorr   .          Rampage  .   (no ring)
Will    .....                   (no ring)
Stlth   +++.......              (no ring)
HPRegen 0.10/turn               (no ring)
MPRegen 0.11/turn               (no ring)
                                (no ring)
                                (no ring)

@: gold aura
A: almost no armour, amphibious, 8 rings, camouflage 1, gelatinous body 1,
(nimble swimmer 1), tentacles
a: Renounce Religion, Potion Petition, Call Merchant, Bribe Branch


You were on level 4 of the Dungeon.
You worshipped Gozag.
Gozag was aware of your devotion.
You visited 1 branch of the dungeon, and saw 4 of its levels.

You collected 214 gold pieces.
You paid 45 gold pieces to Gozag.

Inventory:

Hand Weapons
 c - a +0 short sword
 h - a +1 falchion of freezing (weapon)
Wands
 i - a wand of iceblast (6)
Scrolls
 b - a scroll of enchant armour {unknown}
 e - 5 scrolls of identify {unknown}
 g - 2 scrolls of fear {unknown}
 m - 2 scrolls of torment {unknown}
 n - a scroll of magic mapping {unknown}
 o - a scroll of teleportation {unknown}
Potions
 a - 3 potions of curing {unknown}
 d - 3 potions of degeneration {unknown}
 f - a potion of attraction {unknown}
 j - a potion of ambrosia {unknown}
 k - a potion of cancellation {unknown}
 l - a potion of might {unknown}


   Skills:
 + Level 3.4 Dodging
 - Level 2.6 Stealth
 + Level 3.1 Spellcasting
 * Level 5.7 Ice Magic


You had 6 spell levels left.
You knew the following spells:

 Your Spells              Type           Power      Damage    Failure   Level
a - Freeze                Ice            92%        1d10      1%          1
b - Frozen Ramparts       Ice            46%        1d6       4%          3

Your spell library contained the following spells:

 Spells                   Type           Power      Damage    Failure   Level
 Ozocubu's Armour         Ice            23%        N/A       4%          3
 Animate Skeleton         Necr           4%         N/A       16%         1
 Apportation              Tloc           4%         N/A       16%         1
 Pain                     Necr           8%         1d4       16%         1
 Summon Small Mammal      Summ           8%         N/A       16%         1
 Hailstorm                Conj/Ice       13%        3d5       45%         4
 Agony                    Necr           2%         N/A       99%         5
 Excruciating Wounds      Necr           1%         N/A       99%         5


Dungeon Overview and Level Annotations

Branches:
Dungeon (4/15)
 Temple: D:4-7

Altars:
Gozag
Ru

Shops:
D:1 [   D:3 *


Innate Abilities, Weirdness & Mutations

You cannot wear most types of armour.
You are amphibious.
You can wear up to eight rings at the same time.
Your skin changes colour to match your surroundings (Stealth+).
Your rubbery body absorbs attacks. (AC +1, EV +1)
((You are camouflaged near water. (Stealth+)))
You have tentacles for arms and can constrict up to eight enemies at once.


Message History

Press: ? - help, Dir - look around, f - activate An escape hatch in the floor.
The walls around you are covered in ice.
The wall freezes something.
The wall freezes the goblin.
The goblin hits you with a +0 dagger.
The wall freezes the orc.
The wall freezes something.
Something hits you.
You freeze the goblin!
You kill the goblin!
The wall freezes the endoplasm.
You kill the endoplasm!
The wall freezes the orc.
You kill the orc!
The wall freezes something.
Something hits you.
Your Spellcasting skill increases to level 3!
Your frozen ramparts will break if you move.
Continue?
You barely miss something.
The wall freezes something.
Reactivating autopickup.
You feel a bit more experienced.
The wall freezes something.
Unknown command.
The wall freezes something.
Something hits you.
* * * LOW HITPOINT WARNING * * *
Deactivating autopickup; reactivate with Ctrl-A.
The wall freezes the orc.
The wall freezes something. x2
You hear some strange, mumbled words.
Something tries to affect you, but you resist.
You barely miss the orc. You grab the orc.
The orc is moderately wounded.
You constrict the orc.
The wall freezes the orc.
You kill the orc!
The wall freezes something. x2
Reactivating autopickup.
You feel a bit more experienced.
You start resting.
The frozen ramparts melt away.
Something hits you.
* * * LOW HITPOINT WARNING * * *
Deactivating autopickup; reactivate with Ctrl-A.
You start resting.
Something hits you.
* * * LOW HITPOINT WARNING * * *
You start resting.
Something hits you.
You die...
Your body crumbles into a pile of gold.

...[....... ..........
....... #...# #...#
#$..# . ##$..# .#.
#$$#.# ... #.@..# #...
# #.#### #####.#.#
###.###.## #......#
#......#.# ####.....#
......###.###
#........# ###.#
#.....# #.##.....# #
###.....## #.##.....#
..........###.####.###
#.##...........# #.#


There were no monsters in sight!

Vanquished Creatures
  A hound (D:4)
  An iguana (D:3)
  2 orc wizards (D:4)
  Robin (D:3)
  An adder (D:3)
  2 dart slugs (D:1)
  6 orcs
  4 bats
  6 endoplasms
  3 giant cockroaches
  11 goblins
  11 hobgoblins
  13 kobolds
  2 quokkas (D:1)
  6 ball pythons
  3 frilled lizards
  3 rats
76 creatures vanquished.

Vanquished Creatures (others)
  A worm (D:2)
1 creature vanquished.

Grand Total: 77 creatures vanquished

Notes
Turn   | Place    | Note
-------+----------+-------------------------------------------
     0 | D:1      | KoroneIsBestGirl the Octopode Ice Elementalist began the
                  | quest for the Orb.
     0 | D:1      | Reached XP level 1. HP: 11/11 MP: 3/3
   194 | D:1      | Found a faded altar of an unknown god.
   665 | D:1      | Reached XP level 2. HP: 12/17 MP: 3/5
  1292 | D:1      | Reached XP level 3. HP: 16/21 MP: 3/6
  1854 | D:1      | Found Iskuock's Antique Armour Shop.
  1894 | D:2      | Found a sacrificial altar of Ru.
  1917 | D:2      | Learned a level 3 spell: Frozen Ramparts
  2945 | D:2      | Reached XP level 4. HP: 27/27 MP: 7/7
  3083 | D:3      | Found Ovelaned's General Store.
  3224 | D:3      | Reached skill level 5 in Ice Magic
  3665 | D:3      | Noticed Robin
  3671 | D:3      | Reached XP level 5. HP: 27/31 MP: 1/9
  3679 | D:3      | Killed Robin
  3858 | D:3      | Found an opulent altar of Gozag.
  3862 | D:3      | Became a worshipper of Gozag Ym Sagoz the Greedy
  4146 | D:4      | Slain by an orc wizard

Illustrated notes

Levels and vault maps discovered:
D:1:      wander_arrival_desolate, layout_loops_corners, serial_shops,
          nicolae_shop_trees, chequers_ecumenical_altar_island,
          serial_bayou_pond_e, hangedman_decor_clover_reticule
D:2:      layout_rooms, basic_altar, minmay_door_square, minmay_heptomino_w4
D:3:      kennysheep_big_flooded_room, layout_basic, marbit_many_paths,
          serial_shops, shop, uniq_robin
D:4:      layout_loops_cross, gammafunk_temple_overflow_statue,
          cheibrodos_gnoll_hut

Skill      XL: |  1  2  3  4  5 |
---------------+----------------+-----
Ice Magic      | 5 |  5.7
Dodging        | 3 |  3.4
Spellcasting   | 3 |  3.1
Stealth        | |  2.6

Action                   |  1- 3 |  4- 6 || total
-------------------------+-------+-------++-------
Melee: Short sword       |    21 |       ||    21
       Constrict         |    11 |     8 ||    19
       Tentacles         |     3 |     5 ||     8
       Falchion          |    14 |    22 ||    36
 Cast: Freeze            |    49 |    22 ||    71
       Frozen Ramparts   |     1 |     2 ||     3
 Stab: Sleeping          |     2 |       ||     2
Armor: Skin              |     5 |     3 ||     8
Dodge: Dodged            |    48 |    17 ||    65

Table legend: (Time is in decaauts)
 A = Elapsed time spent in this place.
 B = Non-inter-level travel time spent in this place.
 C = Inter-level travel time spent in this place.
 D = Time resting spent in this place.
 E = Time spent auto-exploring this place.
 F = Levels seen in this place.
 G = Mean time per level.
                   A        B        C        D        E       F      G
               +--------+--------+--------+--------+--------+-----+--------+
         Total |   4158 |   4084 |     74 |    366 |   3210 |   4 | 1039.5 |
       Dungeon |   4158 |   4084 |     74 |    366 |   3210 |   4 | 1039.5 |
               +--------+--------+--------+--------+--------+-----+--------+

Top non-repeatable levels by time:
     D:1: 2239 daAuts
     D:3: 966 daAuts
     D:2: 839 daAuts
     D:4: 112 daAuts
